 Dungeon Crawl Stone Soup version 0.25.0-9-g26727b657a (webtiles) character file.

Game seed: 8199744424474925064

1984 protoss039 the Geomancer (level 9, -1/70 HPs)
             Began as a Deep Elf Earth Elementalist on June 20, 2020.
             Was a Follower of Vehumet.
             Shot with a sling bullet by Joseph (16 damage)
             ... on level 8 of the Dungeon.
             The game lasted 00:23:47 (7914 turns).

protoss039 the Geomancer (DEEE)                     Turns: 7914, Time: 00:23:47

Health: -1/70      AC: 24    Str:  5    XL:     9   Next: 1%
Magic:  16/24      EV:  2    Int: 24    God:    Vehumet [*.....]
Gold:   406        SH:  0    Dex: 15    Spells: 21/27 levels left

rFire    . . .     SeeInvis .   j - -2 dagger (curse)
rCold    . . .     Gourm    .   (no shield)
rNeg     + + +     Faith    .   (armour currently unavailable)
rPois    +         Spirit   .   (helmet currently unavailable)
rElec    .         Reflect  .   (cloak currently unavailable)
rCorr    .         Harm     .   (gloves currently unavailable)
MR       .....     NoTele   +   (boots currently unavailable)
Stlth    +++.......             k - amulet of magic regeneration
HPRegen  0.21/turn              (no ring)
MPRegen  0.44/turn              (no ring)

@: tree-form, stab
A: no striking features
a: Renounce Religion


You were on level 8 of the Dungeon.
You worshipped Vehumet.
Vehumet was aware of your devotion.
You were hungry.
You were a tree.
You visited 2 branches of the dungeon, and saw 9 of its levels.

You collected 406 gold pieces.

Inventory:

Hand Weapons
 i - a +0 dagger
 j - a cursed -2 dagger (weapon)
 m - a +1 short sword of flaming
Missiles
 b - 116 stones (quivered)
Armour
 c - a +0 robe (melded)
 t - a cursed +0 helmet (melded)
Jewellery
 k - an amulet of magic regeneration (around neck)
 s - an uncursed ring of see invisible {unknown}
Wands
 n - a wand of digging (6)
 r - a wand of flame (20)
 x - a wand of random effects (8)
Scrolls
 o - 5 scrolls of teleportation
 v - a scroll of magic mapping
 w - a scroll of identify
 y - a scroll of enchant weapon {unknown}
 z - a scroll of fear
Potions
 a - 2 potions of mutation
 e - 3 potions of curing
 f - a potion of flight {unknown}
 h - 2 potions of haste
 l - a potion of lignification
 p - a potion of magic {unknown}
 u - a potion of ambrosia {unknown}
Comestibles
 d - 14 rations
 q - 6 chunks of flesh


   Skills:
 + Level 1.4 Fighting
 - Level 2.4 Dodging
 + Level 3.7 Stealth
 + Level 9.5 Spellcasting
 + Level 2.1 Conjurations
 + Level 1.1 Transmutations
 * Level 10.0 Earth Magic


You had 21 spell levels left.
You knew the following spells:

 Your Spells              Type           Power        Failure   Level  Hunger
a - Sandblast             Erth           ######       1%          1    None
b - Passwall              Tmut/Erth      #####...     1%          2    None
c - Stone Arrow           Conj/Erth      #####.       1%          3    None

Your spell library contained the following spells:

 Spells                   Type           Power        Failure   Level  Hunger
 Magic Dart               Conj           ###.         2%          1    None
 Lee's Rapid Deconstruct  Erth           ######....   2%          5    ####...
 Petrify                  Tmut/Erth      #####...     5%          4    ##.....


Dungeon Overview and Level Annotations

Branches:
Dungeon (8/15)             Temple (1/1) D:5
   Lair: D:8-11

Altars:
Ashenzari
Cheibriados
Elyvilon
Fedhas
Gozag
Hepliaklqana
Kikubaaqudgha
Makhleb
Nemelex Xobeh
Okawaru
Qazlal
Ru
Sif Muna
Trog
Uskayaw
Vehumet
Wu Jian
Xom
Yredelemnul
Zin
The Shining One

Annotations:
D:8 Joseph


Message History

Confirm with . or Enter, or press ? or * to list all spells.
Aiming: Sandblast (safe; 1% risk of failure)
Press: ? - help, Shift-Dir - straight line, f/p - Joseph
Aim: Joseph, wielding a +0 hunting sling, wearing a +0 ring mail and quivering 12 sling bullets (heavily wounded)
The blast of sand hits Joseph.
Joseph is heavily wounded.
b - 117 stones Joseph shouts, "At last, some action!"
Joseph shoots a sling bullet.
The sling bullet hits you but does no damage.
Casting: Sandblast (safe; 1% risk of failure)
Confirm with . or Enter, or press ? or * to list all spells.
Aiming: Sandblast (safe; 1% risk of failure)
Press: ? - help, Shift-Dir - straight line, f/p - Joseph
Aim: Joseph, wielding a +0 hunting sling, wearing a +0 ring mail and quivering 11 sling bullets (heavily wounded)
The blast of sand hits Joseph!
Joseph is almost dead.
b - 116 stones Joseph shoots a sling bullet.
The sling bullet hits you!
You die...

#......## #.>.# #.# ...##.#.##
#...# ###.##### .....###.## #...#
#.......# ..#.##
##.######...######.#.###.#
..##.###..................#.###.#
..##..#......................##..
.###<#.##.(...............#..##..
.###.#.#########...######.#..##..
.....#.# #♣..# #........ ######.#
#.).# ##....... #.# #...#
#)#..... ## #.# #.@.# #.#..... .#
#.# #...#######.##.... .# #.# ###
#........# .#####.#
....#########.# .......#
#......%#####.# .#######
.#.......(.[..#


You could see Joseph.

Vanquished Creatures
  A troll (D:8)
  A hippogriff (D:7)
  2 black bears (D:7)
  2 ogres (D:4)
  2 bullfrogs
  A scorpion (D:7)
  2 crimson imps (D:5)
  A bullfrog zombie (D:5)
  3 hounds
  6 orc priests
  A jelly (D:7)
  5 orc wizards
  2 bullfrog skeletons
  2 centaur skeletons
  5 worker ants
  A worker ant zombie (D:7)
  7 gnolls
  11 adders
  2 shadow imps
  2 oozes
  An adder skeleton (D:7)
  A worm (D:2)
  A dart slug (D:2)
  A leopard gecko (D:4)
  23 orcs
  4 bats
  8 giant cockroaches
  6 goblins
  8 hobgoblins
  2 jackals (D:2)
  5 kobolds
  3 quokkas
  A ball python (D:2)
  5 frilled lizards
  A leopard gecko zombie (D:6)
  7 rats
136 creatures vanquished.

Notes
Turn   | Place    | Note
-------+----------+-------------------------------------------
     0 | D:1      | protoss039 the Deep Elf Earth Elementalist began the quest
                  | for the Orb.
     0 | D:1      | Reached XP level 1. HP: 10/10 MP: 6/6
   245 | D:1      | Reached XP level 2. HP: 11/15 MP: 4/8
   446 | D:1      | Reached skill level 4 in Earth Magic
  1150 | D:2      | Reached XP level 3. HP: 15/19 MP: 6/9
  1351 | D:2      | Reached XP level 4. HP: 24/24 MP: 5/11
  1399 | D:2      | Reached skill level 5 in Earth Magic
  1444 | D:2      | Found a faded altar of an unknown god.
  1463 | D:2      | Found a sacrificial altar of Ru.
  1713 | D:2      | Found a shimmering blue altar of Sif Muna.
  2346 | D:3      | Reached XP level 5. HP: 17/28 MP: 7/13
  2836 | D:3      | Reached skill level 6 in Earth Magic
  3454 | D:4      | Reached XP level 6. HP: 33/33 MP: 12/15
  3456 | D:4      | Reached skill level 5 in Spellcasting
  3719 | D:4      | Reached skill level 1 in Fighting
  3846 | D:4      | Reached skill level 7 in Earth Magic
  3851 | D:4      | Reached XP level 7. HP: 38/38 MP: 12/17
  4406 | D:5      | Entered Level 5 of the Dungeon
  4427 | D:5      | Found a staircase to the Ecumenical Temple.
  4433 | Temple   | Entered the Ecumenical Temple
  5064 | D:5      | Found a radiant altar of Vehumet.
  5072 | D:5      | Became a worshipper of Vehumet
  5588 | D:6      | Learned a level 2 spell: Passwall
  5592 | D:6      | Learned a level 3 spell: Stone Arrow
  5627 | D:6      | Reached skill level 8 in Earth Magic
  6095 | D:6      | Found a blossoming altar of Fedhas.
  6247 | D:6      | Found a basalt altar of Yredelemnul.
  6404 | D:6      | Reached XP level 8. HP: 43/43 MP: 16/21
  6791 | D:7      | Noticed a hippogriff
  6794 | D:7      | Killed a hippogriff
  6794 | D:7      | Reached skill level 1 in Conjurations
  6794 | D:7      | Reached skill level 9 in Earth Magic
  7007 | D:7      | Reached * piety under Vehumet
  7007 | D:7      | Offered knowledge of Magic Dart by Vehumet.
  7421 | D:8      | Found a shattered altar of Ashenzari.
  7569 | D:8      | Noticed a troll
  7881 | D:8      | Noticed Joseph
  7902 | D:8      | Killed a troll
  7902 | D:8      | Reached skill level 10 in Earth Magic
  7902 | D:8      | Reached XP level 9. HP: 28/47 MP: 20/24
  7914 | D:8      | Shot with a sling bullet by Joseph

Illustrated notes

Levels and vault maps discovered:
D:1:      heliophobic_arrival_battle_scene, layout_basic, dk_noncrumbling_4
D:2:      layout_rooms, lemuel_blue_sif_altar, nicolae_overflow_crystal_walls,
          first_ration, serial_forest, infiniplex_forest_clump_tiny,
          infiniplex_forest_lined_4_way, infiniplex_forest_corner_1,
          infiniplex_forest_corner_1, infiniplex_forest_straight_5,
          infiniplex_forest_clump_double, infiniplex_forest_zigzag_2,
          infiniplex_forest_clump_double, infiniplex_forest_join,
          chequers_ecumenical_altar_simple, grunt_ministairs_2, minivault_19
D:3:      layout_basic
D:4:      layout_basic, kennysheep_generic_room_8
D:5:      layout_cave_pods, vehumet_altar_wand_db,
          minmay_temple_entry_drinking_statues, minmay_misc_feat_columns
D:6:      layout_cave_pods, overflow_temple_1_default, fedhas_ov_isle_minmay
D:7:      layout_loops_corners
D:8:      layout_loops_cross, ashenzari_altar_1, marbit_many_paths, uniq_joseph
Temple:   eino_temple_scatter_basement

Skill      XL: |  1  2  3  4  5  6  7  8 |
---------------+-------------------------+-----
Earth Magic    | 4 5 6 7 8 10 | 10.0
Spellcasting   | 4 5 7 9 |  9.5
Stealth        | 3 |  3.7
Fighting       | 1 |  1.4
Conjurations   | 2 |  2.1
Dodging        | |  2.4
Transmutations | |  1.1

Action                   |  1- 3 |  4- 6 |  7- 9 || total
-------------------------+-------+-------+-------++-------
Melee: Unarmed           |    14 |       |       ||    14
       Dagger            |     2 |    18 |     7 ||    27
 Cast: Sandblast         |    39 |    91 |    69 ||   199
       Stone Arrow       |       |       |    35 ||    35
       Passwall          |       |       |     3 ||     3
  Use: Scroll            |     2 |     3 |     7 ||    12
       Potion            |       |       |     2 ||     2
 Stab: Sleeping          |     2 |     1 |       ||     3
  Eat: Chunk             |     1 |     8 |     8 ||    17
       Ration            |       |       |     1 ||     1
Armor: Robe              |     3 |     7 |     3 ||    13
       Skin              |       |       |    12 ||    12
Dodge: Dodged            |    22 |    36 |    14 ||    72
